 Dungeon Sprint DCSS version 0.21.1-1-g345015f (webtiles) character file.

11907 equalderp2856 the Severer (level 11, -6/113 (114) HPs)
             Began as a Minotaur Fighter on May 22, 2018.
             Was an Initiate of Gozag.
             Mangled by the 27-headed Lernaean hydra (8 damage)
             ... in the Dungeon (Sprint I: "Red Sonja").
             The game lasted 00:20:13 (6217 turns).

equalderp2856 the Severer (Minotaur Fighter)        Turns: 6217, Time: 00:20:16

HP:   -6/113 (114)  AC: 19    Str: 25    XL:     11   Next: 55%
MP:   10/10         EV: 10    Int:  6    God:    Gozag
Gold: 2564          SH: 20    Dex: 11    Spells: 4/10 levels left

rFire    + . .     SeeInvis +   a - +1 war axe
rCold    . . .     Gourm    .   c - +1 shield
rNeg     . . .     Faith    .   p - +1 plate armour {rF+}
rPois    .         Spirit   .   x - +0 hat
rElec    .         Reflect  +   (no cloak)
rCorr    +         Harm     .   B - +0 pair of gloves {Str+3}
MR       .....     NoTele   +   (no boots)
Stlth    ..........             r - +5 amulet of reflection
HPRegen  0.28/turn              e - ring of see invisible
MPRegen  0.12/turn              H - ring of resist corrosion

@: lethally poisoned (-6 -> -6), bribing [the Dungeon], very slow
A: retaliatory headbutt, horns 2
a: Potion Petition, Call Merchant, Bribe Branch, Renounce Religion


You were in the Dungeon.
You worshipped Gozag.
Gozag was most pleased with you.
You were not hungry.

You visited 1 branch You collected 7718 gold pieces.
You spent 2154 gold pieces at shops.
You paid 3000 gold pieces to Gozag.

Inventory:

Hand Weapons
 a - a +1 war axe (weapon)
 q - the +6 long sword of Magnificence {slice, *Contam MR+++ Int+2}
   (You found it in the Dungeon)

   It inflicts extra damage upon your enemies.
   It affects your intelligence (+2).
   It affects your resistance to hostile enchantments.
   It causes magical contamination when unequipped.
Armour
 b - a +0 scale mail
 c - a +1 shield (worn)
 l - a +3 leather armour of magic resistance
 p - a +1 plate armour of fire resistance (worn)
 x - a +0 hat (worn)
 B - a +0 pair of gloves of strength (worn)
Jewellery
 e - a ring of see invisible (left hand)
 r - a +5 amulet of reflection (around neck)
 y - the ring "Qeipt" {*Drain rF+ rC+ AC+5 Int+3}
   (You bought it in a shop in the Dungeon)

   [ring of protection]

   It affects your AC (+5).
   It affects your intelligence (+3).
   It protects you from fire.
   It protects you from cold.
   It causes draining when unequipped.
 z - an uncursed amulet of harm
 H - a ring of resist corrosion (right hand)
Wands
 o - a wand of random effects (14)
 A - a wand of paralysis (15)
 C - a wand of enslavement (11)
Scrolls
 j - a scroll of enchant armour
 k - 3 scrolls of blinking
 n - a scroll of remove curse
 t - a scroll of enchant weapon
 u - a scroll of fear
 G - 2 scrolls of identify
Potions
 d - a potion of might
 f - 2 potions of curing
 g - a potion of heal wounds
 h - 2 potions of haste
 i - 2 potions of magic
 m - a potion of cancellation {unknown}
 D - 3 potions of flight
 E - 2 potions of resistance {unknown}
 I - 2 potions of mutation {unknown}
 J - a potion of degeneration {unknown}
 K - a potion of agility {unknown}
 L - a potion of brilliance {unknown}
Books
 s - a book of Minor Magic

   Spells                             Type                      Level
   a - Magic Dart                     Conjuration                  1
   b - Blink                          Translocation                2
   c - Call Imp                       Summoning                    2
   d - Slow                           Hexes                        2
   e - Conjure Flame                  Conjuration/Fire             3
   f - Mephitic Cloud                 Conjuration/Poison/Air       3
 v - a book of Minor Magic

   Spells                             Type                      Level
   a - Magic Dart                     Conjuration                  1
   b - Blink                          Translocation                2
   c - Call Imp                       Summoning                    2
   d - Slow                           Hexes                        2
   e - Conjure Flame                  Conjuration/Fire             3
   f - Mephitic Cloud                 Conjuration/Poison/Air       3
Miscellaneous
 F - a lamp of fire (inert)
Comestibles
 w - 3 rations


   Skills:
 + Level 16.3 Fighting
 + Level 18.1 Axes
 + Level 15.0 Armour
 - Level 6.7 Dodging
 - Level 5.2 Stealth
 + Level 15.2 Shields
 - Level 1.1 Evocations


You had 4 spell levels left.
You knew the following spells:

 Your Spells              Type           Power        Failure   Level  Hunger
a - Magic Dart            Conj           #...         98%         1    ##.....
b - Blink                 Tloc           N/A          99%         2    ###....
c - Conjure Flame         Conj/Fire      #.......     100%        3    ####...


Dungeon Overview and Level Annotations

Branches:
Dungeon (1/1)

Altars:
Cheibriados
Dithmenos
Elyvilon
Fedhas
Gozag
Hepliaklqana
Kikubaaqudgha
Makhleb
Nemelex Xobeh
Okawaru
Qazlal
Ru
Sif Muna
Trog
Uskayaw
Vehumet
Wu Jian
Xom
Yredelemnul
Zin
The Shining One
Jiyva
Lugonu

Shops:
D !![:%***}}[[[!}[*

Annotations:
D exclusion: oklob plant, Lernaean hydra, Tiamat


Innate Abilities, Weirdness & Mutations

You reflexively headbutt those who attack you in melee.
You have a pair of horns on your head.


Message History

You block the 27-headed Lernaean hydra's attack. x2
The 27-headed Lernaean hydra bites you but does no damage. x4
You block the 27-headed Lernaean hydra's attack.
The 27-headed Lernaean hydra barely misses you.
The 27-headed Lernaean hydra bites you!
* * * LOW HITPOINT WARNING * * *
The 27-headed Lernaean hydra bites you.
* * * LOW HITPOINT WARNING * * *
The 27-headed Lernaean hydra bites you.
* * * LOW HITPOINT WARNING * * *
The 27-headed Lernaean hydra bites you but does no damage. x2
The 27-headed Lernaean hydra bites you.
* * * LOW HITPOINT WARNING * * *
The 27-headed Lernaean hydra bites you but does no damage.
The 27-headed Lernaean hydra closely misses you.
The 27-headed Lernaean hydra bites you but does no damage. x3
The 27-headed Lernaean hydra barely misses you.
The 27-headed Lernaean hydra bites you!
You die...
Your body crumbles into a pile of gold.

####..###...#P≈..##§.§§$§..§.#*$*
#..#§§#.###.#M≈..#§.§§.§§§..D.#,*
#.........#.###..#....§:§§.§..#$*
#.........#.#.'..##..........##$*
'......####'#.##'##$$$$$$$$$D#$$*
##...###....#§#≈≈≈##$$$$$$$$##$$*
.#####...####§#≈≈≈≈##,,,,$$**$$$*
.....C.###,,§§#≈≈D≈≈#*******,,$$*
...#####,,,,####@≈≈≈#≈≈≈≈≈*,,,,$*
..##,,,,,,,,*$$#'≈≈≈'≈≈.≈≈',,,,$*
.##,,,,,,,,,*$$$##≈≈#≈≈$≈≈*≈≈≈,,*
.#,,,,,,,,,,*$$$$*#####'*****≈≈≈*
##****,,,,,,*$$$$*≈≈≈≈≈≈≈≈≈≈**≈≈*
≈≈≈≈.*,,,,,,####***≈≈≈≈≈≈≈≈≈≈≈≈≈*
#####*,,,,,,',,*,,'$$,≈≈≈≈≈≈≈*≈≈*
.'.,,,,,,,,,*,,',,*$$$$$$$$≈≈≈*≈*
####*****************************


You could see the 27-headed Lernaean hydra.

Vanquished Creatures
  2 centaur warriors (D)
  Sonja (D)
  7 unseen horrors (D)
  A lindwurm (D)
  An oklob plant (D)
  A gargoyle (D)
  4 demonic crawlers (D)
  2 kobold demonologists (D)
  A hornet (D)
  A slime creature (D)
  2 redbacks (D)
  Sigmund (D)
  12 hogs (D)
  A yak (D)
  2 floating eyes (D)
  7 necrophages (D)
  An ogre (D)
  8 jellies (D)
  Ijyb (D)
  5 ballistomycetes (D)
61 creatures vanquished.

Vanquished Creatures (others)
  3 fire giants (D)
  A lorocyproca (D)
  A hydra (D)
  8 shining eyes (D)
  2 merfolk sirens (D)
  A gargoyle (D)
  A hellwing (D)
  4 hornets (D)
  A hog (D)
  5 floating eyes (D)
  2 ballistomycete spores (D)
29 creatures vanquished.

Grand Total: 90 creatures vanquished

Notes
Turn   | Place    | Note
-------+----------+-------------------------------------------
     0 | D        | equalderp2856 the Minotaur Fighter began the quest for the Orb.
     0 | D        | Reached XP level 1. HP: 19/19 MP: 0/0
     2 | D        | Noticed Ijyb
    16 | D        | Killed Ijyb
    16 | D        | Reached skill level 5 in Fighting
    16 | D        | Reached skill level 3 in Axes
    16 | D        | Reached skill level 5 in Armour
    16 | D        | Reached skill level 5 in Shields
    16 | D        | Reached XP level 2. HP: 9/29 MP: 1/1
   258 | D        | Noticed an ogre
   262 | D        | Killed an ogre
   262 | D        | Reached skill level 4 in Axes
   262 | D        | Reached XP level 3. HP: 7/38 MP: 2/2
   262 | D        | Reached XP level 4. HP: 8/45 MP: 3/3
   516 | D        | Noticed Sigmund
   524 | D        | Killed Sigmund
   524 | D        | Reached skill level 6 in Axes
   524 | D        | Reached XP level 5. HP: 45/53 MP: 4/4
   524 | D        | Reached XP level 6. HP: 52/61 MP: 5/5
   581 | D        | Found a burning altar of Makhleb.
   581 | D        | Found a viscous altar of Jiyva.
   581 | D        | Found a shimmering altar of Xom.
   581 | D        | Found a corrupted altar of Lugonu.
   581 | D        | Noticed a slime creature
   591 | D        | Killed a slime creature
   591 | D        | Reached skill level 8 in Axes
   591 | D        | Reached skill level 10 in Armour
   700 | D        | Found an ornate altar of the Wu Jian Council.
   700 | D        | Found a deep blue altar of Sif Muna.
   702 | D        | Found a radiant altar of Vehumet.
   800 | D        | Found Mewuoq's Distillery.
   800 | D        | Found an ancient bone altar of Kikubaaqudgha.
   800 | D        | Found a hazy altar of Hepliaklqana.
   800 | D        | Found a stormy altar of Qazlal.
   800 | D        | Found a hide-covered altar of Uskayaw.
   800 | D        | Found a blossoming altar of Fedhas.
   800 | D        | Found a bloodstained altar of Trog.
   800 | D        | Found an iron altar of Okawaru.
   800 | D        | Found a basalt altar of Yredelemnul.
   800 | D        | Found a glowing golden altar of the Shining One.
   800 | D        | Found a snail-covered altar of Cheibriados.
   800 | D        | Found a sacrificial altar of Ru.
   800 | D        | Found a glowing silver altar of Zin.
   800 | D        | Found a shadowy altar of Dithmenos.
   800 | D        | Found a white marble altar of Elyvilon.
   800 | D        | Noticed a yak
   804 | D        | Killed a yak
   804 | D        | Reached skill level 9 in Axes
   804 | D        | Reached skill level 1 in Stealth
   804 | D        | Reached skill level 10 in Shields
   804 | D        | Reached XP level 7. HP: 71/71 MP: 6/6
   805 | D        | Found an opulent altar of Gozag.
   806 | D        | Found a sparkling altar of Nemelex Xobeh.
   811 | D        | Became a worshipper of Gozag Ym Sagoz the Greedy
   851 | D        | Noticed a centaur warrior
   852 | D        | Noticed a centaur warrior
   973 | D        | Killed a centaur warrior
   973 | D        | Reached skill level 10 in Fighting
   973 | D        | Reached skill level 11 in Axes
   973 | D        | Reached skill level 1 in Dodging
   973 | D        | Reached XP level 8. HP: 47/81 MP: 7/7
   976 | D        | Killed a centaur warrior
   976 | D        | Reached skill level 12 in Axes
   976 | D        | Reached XP level 9. HP: 49/90 MP: 8/8
  1208 | D        | Paralysed by a hornet for 2 turns
  1215 | D        | Reached skill level 13 in Axes
  1472 | D        | Noticed an oklob plant
  1485 | D        | Killed an oklob plant
  1485 | D        | Reached skill level 14 in Axes
  1894 | D        | Killed an unseen horror
  1894 | D        | Reached skill level 15 in Axes
  2535 | D        | Killed an unseen horror
  2535 | D        | Reached XP level 10. HP: 63/101 MP: 9/9
  2684 | D        | Killed a merfolk siren
  2825 | D        | Reached skill level 5 in Dodging
  2871 | D        | Reached skill level 16 in Axes
  2877 | D        | Found Fafar's Book Shoppe.
  2877 | D        | Found Hyujeug's Armour Shop.
  2877 | D        | Found Nunius's Food Boutique.
  2879 | D        | Found Usmoumof's Assorted Antiques.
  2879 | D        | Found Hitoxt's Assorted Antiques.
  2879 | D        | Found Zofufreagh's Assorted Antiques.
  2879 | D        | Found Vuycuiq's Gadget Boutique.
  2879 | D        | Found Taselufa's Gadget Emporium.
  2879 | D        | Found Lobonera's Armour Shop.
  2879 | D        | Found Opocuemae's Antique Armour Shoppe.
  2880 | D        | Paralysed by fainting for 11 turns
  2891 | D        | Bought a ration for 70 gold pieces
  2891 | D        | Bought a ration for 70 gold pieces
  2911 | D        | Got a brightly glowing long sword
  2913 | D        | Identified the +6 long sword of Magnificence {slice, *Contam MR+++ Int+2} (You found it in the Dungeon)
  3061 | D        | Found Feero's Armour Boutique.
  3062 | D        | Found Xigangi's Gadget Emporium.
  3062 | D        | Found Jeost's Distillery.
  3063 | D        | Found Lodaor's Assorted Antiques.
  3288 | D        | Killed a 12-headed hydra
  3511 | D        | Noticed a gargoyle
  3518 | D        | Killed a gargoyle
  3541 | D        | Killed a gargoyle
  3550 | D        | Noticed a lindwurm
  3558 | D        | Killed a lindwurm
  3558 | D        | Reached skill level 17 in Axes
  3631 | D        | Reached skill level 15 in Fighting
  3635 | D        | Reached XP level 11. HP: 108/110 MP: 10/10
  3670 | D        | Reached skill level 5 in Stealth
  3693 | D        | Noticed a deep elf annihilator
  3774 | D        | Noticed Sonja
  3776 | D        | Killed Sonja
  4018 | D        | Noticed a deep troll
  4031 | D        | Found Janledalei's Armour Emporium.
  4055 | D        | Found Veud's Distillery.
  4086 | D        | Bought a potion of curing for 39 gold pieces
  4128 | D        | Bought a book of Minor Magic for 260 gold pieces
  4132 | D        | Bought a ration for 70 gold pieces
  4132 | D        | Bought a ration for 70 gold pieces
  4132 | D        | Bought a ration for 70 gold pieces
  4133 | D        | Bought a scroll labeled WER UHOAVEESAEDEI for 28 gold pieces
  4133 | D        | Bought a scroll labeled HEUPRIKOYT for 28 gold pieces
  4134 | D        | Bought a scroll labeled JAK HATRORA for 21 gold pieces
  4134 | D        | Bought a scroll labeled ZOOTOY WAWAO for 21 gold pieces
  4134 | D        | Bought a bone wand for 84 gold pieces
  4135 | D        | Bought a scroll labeled FAIROWKY UKAI for 29 gold pieces
  4147 | D        | Bought a +0 hat for 40 gold pieces
  4157 | D        | Bought a scintillating iron ring for 85 gold pieces
  4157 | D        | Bought a tiny amethyst amulet for 85 gold pieces
  4157 | D        | Bought a scroll of blinking for 127 gold pieces
  4157 | D        | Bought a scroll of identify for 34 gold pieces
  4157 | D        | Bought a scroll of identify for 34 gold pieces
  4159 | D        | Identified the ring "Qeipt" {*Drain rF+ rC+ AC+5 Int+3} (You bought it in a shop in the Dungeon)
  4164 | D        | Bought a +0 pair of gloves of strength for 115 gold pieces
  4175 | D        | Bought a shiny iron wand for 84 gold pieces
  4176 | D        | Bought 3 murky ruby potions for 75 gold pieces
  4182 | D        | Bought 2 fizzy golden potions for 37 gold pieces
  4183 | D        | Bought a scroll of identify for 58 gold pieces
  4188 | D        | Bought a lamp of fire for 520 gold pieces
  4309 | D        | Killed a lorocyproca
  4319 | D        | Noticed a daeva
  4325 | D        | Noticed an unseen horror
  4325 | D        | Noticed an unseen horror
  4325 | D        | Noticed an unseen horror
  4325 | D        | Noticed an unseen horror
  4329 | D        | Killed an unseen horror
  4335 | D        | Killed an unseen horror
  4335 | D        | Reached skill level 1 in Evocations
  4336 | D        | Killed an unseen horror
  4338 | D        | Killed an unseen horror
  4338 | D        | Reached skill level 18 in Axes
  4338 | D        | Reached skill level 15 in Shields
  4350 | D        | Noticed an unseen horror
  4357 | D        | Killed an unseen horror
  4357 | D        | Reached skill level 15 in Armour
  4455 | D        | Noticed a fire giant
  4458 | D        | Noticed a fire giant
  4459 | D        | Noticed a fire giant
  4459 | D        | Noticed a fire giant
  4493 | D        | Noticed Tiamat
  5027 | D        | Killed a shining eye
  5028 | D        | Killed a shining eye
  5035 | D        | Killed a shining eye
  5041 | D        | Killed a shining eye
  5042 | D        | Killed a shining eye
  5050 | D        | Killed a shining eye
  5073 | D        | Killed a shining eye
  5105 | D        | Killed a fire giant
  5106 | D        | Killed a shining eye
  5116 | D        | Noticed a shadow dragon
  5116 | D        | Noticed a golden dragon
  5354 | D        | Noticed a mummy priest
  5356 | D        | Noticed an oklob plant
  5384 | D        | Noticed a jiangshi
  5436 | D        | Killed a fire giant
  5704 | D        | Noticed a shadow wraith
  5719 | D        | Noticed a phantasmal warrior
  5884 | D        | Noticed a sixfirhy
  6094 | D        | Learned a level 1 spell: Magic Dart
  6097 | D        | Learned a level 2 spell: Blink
  6105 | D        | Learned a level 3 spell: Conjure Flame
  6212 | D        | Noticed the 27-headed Lernaean hydra
  6217 | D        | HP: 3/113 [the 27-headed Lernaean hydra (3)]
  6217 | D        | Mangled by the 27-headed Lernaean hydra

Skill      XL: |  1  2  3  4  5  6  7  8  9 10 11 |
---------------+----------------------------------+-----
Fighting       | 5 6 8 9 10 11 13 15 16 | 16.3
Axes           | 3 4 6 9 11 12 15 17 18 | 18.1
Armour         | 5 7 9 10 11 12 13 15 | 15.0
Shields        | 5 6 8 10 11 12 13 15 | 15.2
Stealth        | 1 2 3 4 5 |  5.2
Dodging        | 1 2 4 6 |  6.7
Evocations     | 1 |  1.1

Action                   |  1- 3 |  4- 6 |  7- 9 | 10-12 || total
-------------------------+-------+-------+-------+-------++-------
Melee: War axe           |    16 |    23 |    53 |   239 ||   331
       Headbutt          |     2 |     6 |    13 |    54 ||    75
Invok: Bribe Branch      |       |       |       |     1 ||     1
Evoke: Wand              |       |       |       |    10 ||    10
       Lamp of fire      |       |       |       |     1 ||     1
  Use: Potion            |       |       |     2 |     2 ||     4
       Scroll            |       |       |     2 |    10 ||    12
 Stab: Held in net/web   |       |     2 |       |       ||     2
       Sleeping          |       |       |     1 |     1 ||     2
       Distracted        |       |       |       |     1 ||     1
  Eat: Ration            |       |       |     1 |     4 ||     5
Armor: Scale mail        |     4 |       |       |       ||     4
       Leather armour    |       |     1 |    10 |     2 ||    13
       Plate armour      |       |       |       |    87 ||    87
Dodge: Dodged            |     5 |     3 |    11 |    54 ||    73
Block: Shield            |     4 |     8 |    17 |   135 ||   164
       Reflection        |       |       |       |     1 ||     1
